 Dungeon Crawl Stone Soup version 0.22-a0-456-g11ed031 (webtiles) character file.

5002 galech the Basher (level 10, -3/165 HPs)
             Began as an Ogre Berserker on June 6, 2018.
             Was an Elder of Trog.
             Slain by a brown ugly thing (13 damage)
             ... on level 7 of the Dungeon.
             The game lasted 00:10:51 (7400 turns).

galech the Basher (Ogre Berserker)                  Turns: 7400, Time: 00:10:52

Health: -3/165     AC: -2    Str: 31    XL:     10   Next: 54%
Magic:  10/10      EV: 12    Int:  8    God:    Trog [****..]
Gold:   313        SH:  0    Dex:  8    Spells: 9/9 levels left

rFire    + . .     SeeInvis +   u - +3 flail (crush)
rCold    + . .     Gourm    .   (no shield)
rNeg     . . .     Faith    .   m - +2 robe {rF+}
rPois    .         Spirit   .   v - +0 hat
rElec    .         Reflect  .   q - +0 cloak
rCorr    .         Harm     .   (gloves unavailable)
MR       +++..                  (boots unavailable)
Stlth    ..........             (no amulet)
HPRegen  1.37/turn              i - ring of protection from cold
MPRegen  0.12/turn              A - ring of see invisible

@: berserking, corroded, starving, regenerating, drained, very quick
A: large, unfitting armour, tough skin 1
a: Berserk, Trog's Hand, Brothers in Arms, Renounce Religion


You were on level 7 of the Dungeon.
You worshipped Trog.
Trog was greatly pleased with you.
You were starving.

You visited 1 branch of the dungeon, and saw 8 of its levels.

You collected 375 gold pieces.
You spent 62 gold pieces at shops.

Inventory:

Hand Weapons
 a - a +0 mace
 f - a +5 dire flail
 k - a +1 mace of protection
 u - a +3 flail of crushing (weapon)
 x - the +7 hand axe "Karecewn" {elec, rC+}
   (You found it on level 4 of the Dungeon)

   Occasionally, upon striking a foe, it will discharge some electrical energy
   and cause terrible harm.
   It protects you from cold.
Armour
 m - a +2 robe of fire resistance (worn)
 q - a +0 cloak (worn)
 v - a +0 hat (worn)
 E - a +0 shield
Jewellery
 i - a ring of protection from cold (left hand)
 A - a ring of see invisible (right hand)
Wands
 b - a wand of polymorph (12)
 I - a wand of acid (25)
 J - a wand of disintegration (14)
Scrolls
 d - 2 scrolls of teleportation
 g - 2 scrolls of enchant armour
 o - a scroll of blinking
 p - 4 scrolls of remove curse
 r - 3 scrolls of amnesia
 w - a scroll of random uselessness
 y - a scroll of noise
 z - a scroll of immolation
 H - 3 scrolls of fear
Potions
 e - a potion of mutation {unknown}
 h - a potion of lignification {unknown}
 j - a potion of ambrosia {unknown}
 l - a potion of invisibility {unknown}
 n - 3 potions of curing {unknown}
 s - a potion of flight {unknown}
 t - a potion of haste {unknown}
 B - 3 potions of brilliance {unknown}
 C - 3 potions of heal wounds
 F - 3 potions of degeneration {unknown}
 G - a potion of magic {unknown}
Comestibles
 c - 15 rations


   Skills:
 + Level 9.8 Fighting
 + Level 10.3 Maces & Flails
 + Level 7.2 Dodging
 + Level 3.0(2.9) Stealth


You had 9 spell levels left.
You didn't know any spells.
Your spell library was empty.

Dungeon Overview and Level Annotations

Branches:
Dungeon (8/15)             Temple (0/1) D:7
   Lair: D:8-11

Altars:
Uskayaw
Xom

Shops:
D:4 (   D:5 [

Annotations:
D:8 Psyche


Innate Abilities, Weirdness & Mutations

You are too large for most types of armour.
You have tough skin. (AC +1)


Message History

* * * LOW HITPOINT WARNING * * *
The acid corrodes you!
You are splashed with acid!
The acid burns!
* * * LOW HITPOINT WARNING * * *
The giant cockroach bites you.
* * * LOW HITPOINT WARNING * * *
You thump the brown ugly thing!
The brown ugly thing is severely wounded.
You hit the brown ugly thing.
The brown ugly thing is severely wounded.
The brown ugly thing bites you!
* * * LOW HITPOINT WARNING * * *
You are splashed with acid!
The acid burns!
* * * LOW HITPOINT WARNING * * *
The giant cockroach closely misses you.
You thump the brown ugly thing!
The brown ugly thing is almost dead.
You completely miss the brown ugly thing.
The brown ugly thing is almost dead.
The giant cockroach barely misses you. The brown ugly thing bites you!
You die...

.'.##..###..##...#####.######
.#.##.......##...#####'####
.#.####..#.###...##.......#
.#...............##.......# #
.########.#####..##.......# #
## #.# ###..##.......# # .#
#.# #....##.......# # .###
#.# #...u##....(..#######
.'.# #.#
#...@#..(............
.#.######.#
#..[s#......#########
.#........# ####.#......#
#.... ####....### #.########
#.### ####....# #.# #.#..
......(#########.# #.#.#
.................##### #.#..
.###############.....# #.###
.#......#......#.###'###
#....


You could see a brown ugly thing and a giant cockroach.

Vanquished Creatures
  The ghost of pk666 the Thaumaturge, a novice DEFE of Vehumet (D:8)
  Pikel (D:6)
  Maurice (D:7)
  Joseph (D:7)
  The ghost of galech the Skirmisher, an amateur OgBe of Trog (D:3)
  2 hippogriffs (D:7)
  A hungry ghost (D:6)
  2 ice beasts
  A slave (D:6)
  6 ogres
  2 bullfrogs (D:7)
  A scorpion (D:7)
  3 killer bees (D:7)
  5 wights
  A howler monkey (D:4)
  11 crimson imps
  3 hounds
  A bullfrog zombie (D:6)
  2 jellies
  7 orc wizards
  Crazy Yiuf (D:2)
  2 orc priests
  A bullfrog skeleton (D:5)
  An iguana (D:4)
  6 worker ants
  Natasha (thrice) (D:2)
  A killer bee zombie (D:6)
  A hound zombie (D:7)
  2 worker ant zombies
  3 gnolls (D:4)
  5 adders
  2 shadow imps (D:7)
  5 oozes
  2 adder skeletons
  3 worms
  A dart slug (D:3)
  5 leopard geckos
  25 orcs
  4 giant cockroaches
  11 goblins
  23 hobgoblins
  22 jackals
  2 quokkas
  2 bats
  6 frilled lizards
  4 kobolds
  6 rats
202 creatures vanquished.

Vanquished Creatures (others)
  An orc (D:8)
1 creature vanquished.

Grand Total: 203 creatures vanquished

Notes
Turn   | Place    | Note
-------+----------+-------------------------------------------
     0 | D:1      | galech the Ogre Berserker began the quest for the Orb.
     0 | D:1      | Reached XP level 1. HP: 24/24 MP: 1/1
    56 | D:1      | Reached XP level 2. HP: 10/32 MP: 2/2
   109 | D:1      | Reached skill level 3 in Maces & Flails
   635 | D:1      | Reached XP level 3. HP: 31/40 MP: 3/3
  1098 | D:2      | Noticed Natasha
  1104 | D:2      | Killed Natasha
  1104 | D:2      | Reached ** piety under Trog
  1104 | D:2      | Reached XP level 4. HP: 27/49 MP: 4/4
  1390 | D:2      | Noticed Natasha
  1401 | D:2      | Killed Natasha
  1401 | D:2      | Reached skill level 5 in Fighting
  1435 | D:2      | Noticed Natasha
  1446 | D:2      | Killed Natasha
  1446 | D:2      | Reached skill level 4 in Maces & Flails
  1446 | D:2      | Reached XP level 5. HP: 24/57 MP: 5/5
  1873 | D:2      | Found a runed door.
  1877 | D:2      | Noticed Crazy Yiuf
  1883 | D:2      | Killed Crazy Yiuf
  2176 | D:3      | Noticed galech's ghost (amateur OgBe)
  2190 | D:3      | Killed galech's ghost
  2190 | D:3      | Reached skill level 5 in Maces & Flails
  2190 | D:3      | Reached XP level 6. HP: 67/67 MP: 6/6
  2190 | D:3      | Reached XP level 7. HP: 75/75 MP: 7/7
  2334 | D:3      | Found a hide-covered altar of Uskayaw.
  2363 | D:3      | Reached *** piety under Trog
  2772 | D:4      | Got a crystal hand axe
  2773 | D:4      | Identified the +7 hand axe "Karecewn" {elec, rC+} (You found it on level 4 of the Dungeon)
  2995 | D:4      | Reached skill level 1 in Stealth
  3107 | D:4      | Reached skill level 6 in Maces & Flails
  3292 | D:4      | Found Bostaceg's Weapon Emporium.
  3792 | D:5      | Entered Level 5 of the Dungeon
  3799 | D:5      | Reached XP level 8. HP: 82/84 MP: 8/8
  3854 | D:5      | Reached **** piety under Trog
  3926 | D:5      | Found a shimmering altar of Xom.
  4365 | D:5      | Found Ynyedu's Antique Armour Emporium.
  4368 | D:5      | Bought a glowing robe for 62 gold pieces
  4463 | D:5      | Reached skill level 7 in Maces & Flails
  4463 | D:5      | Reached skill level 5 in Dodging
  4870 | D:6      | Reached XP level 9. HP: 87/93 MP: 9/9
  4892 | D:6      | Noticed Pikel
  4912 | D:6      | Killed Pikel
  4912 | D:6      | Reached skill level 8 in Maces & Flails
  5416 | D:7      | Found a staircase to the Ecumenical Temple.
  5425 | D:7      | Reached skill level 9 in Maces & Flails
  5871 | D:7      | Noticed Joseph
  5881 | D:7      | Killed Joseph
  6036 | D:7      | Reached XP level 10. HP: 103/106 MP: 10/10
  6483 | D:8      | Noticed Maurice
  6488 | D:8      | Noticed Psyche
  6763 | D:8      | Noticed a brown ugly thing
  6771 | D:7      | Killed Maurice
  6940 | D:8      | Noticed pk666's ghost (novice DEFE)
  6951 | D:7      | Reached skill level 10 in Maces & Flails
  7168 | D:8      | Killed pk666's ghost
  7398 | D:7      | HP: 8/165 [acid (10)]
  7400 | D:7      | Slain by a brown ugly thing

Vault maps used:
D:1:      scummos_arrival_star
D:2:      cheibrodos_greedy_goblins, uniq_crazy_yiuf_cottage, uniq_natasha
D:3:      eat_drink_and_be_merry_uskayaw
D:4:      serial_shops, shop, serial_bayou_pond_d
D:5:      first_ration, serial_shops, nicolae_shop_trees, st_stairs_3,
          minmay_misc_feat_tiny, led_xom_imps
D:6:      uniq_pikel
D:7:      minmay_temple_entry_glassed_door, uniq_joseph
D:8:      uniq_maurice, uniq_psyche

Skill      XL: |  1  2  3  4  5  6  7  8  9 10 |
---------------+-------------------------------+-----
Maces & Flails | 3 4 5 6 7 9 10 | 10.3
Dodging        | 3 4 5 6 7 |  7.2
Fighting       | 5 6 7 8 9 |  9.8
Stealth        | 1 2 3 |  3.0

Action                   |  1- 3 |  4- 6 |  7- 9 | 10-12 || total
-------------------------+-------+-------+-------+-------++-------
Melee: Mace              |    82 |    90 |    50 |       ||   222
       Flail             |       |       |   359 |   102 ||   461
Invok: Berserk           |     1 |     3 |     5 |     4 ||    13
       Trog's Hand       |       |     1 |     2 |     2 ||     5
  Use: Scroll            |       |       |    11 |       ||    11
 Stab: Sleeping          |       |       |     2 |       ||     2
  Eat: Chunk             |     2 |     6 |    21 |     6 ||    35
Armor: Animal skin       |    18 |    24 |    46 |       ||    88
       Robe              |       |       |    84 |    29 ||   113
Dodge: Dodged            |    73 |    43 |   273 |    71 ||   460

Table legend:
 A = Spawn XP
 B = Non-spawn XP
 C = Spawn XP percentage of total XP
 D = Spawn monster count
 E = Non-spawn monster count
 F = Spawn count percentage of total count
 G = Total turns spent on level
                    A         B        C        D         E        F      G
               +---------+---------+-------+---------+---------+-------+---------
         Total |       0 |    7147 |   0.0 |       0 |     201 |   0.0 |  7400
               +---------+---------+-------+---------+---------+-------+---------
           D:1 |       0 |      40 |   0.0 |       0 |      22 |   0.0 |   965
           D:2 |       0 |     242 |   0.0 |       0 |      37 |   0.0 |  1210
           D:3 |       0 |     458 |   0.0 |       0 |      22 |   0.0 |   568
           D:4 |       0 |     417 |   0.0 |       0 |      25 |   0.0 |  1049
           D:5 |       0 |     741 |   0.0 |       0 |      19 |   0.0 |   873
           D:6 |       0 |    1260 |   0.0 |       0 |      20 |   0.0 |   487
           D:7 |       0 |    2707 |   0.0 |       0 |      47 |   0.0 |  1993
           D:8 |       0 |    1282 |   0.0 |       0 |       9 |   0.0 |   255
               +---------+---------+-------+---------+---------+-------+---------
